 Dungeon Sprint DCSS version 0.21.1-1-g345015f (webtiles) character file.

951 Psiloshibe the Fencer (level 10, 0/93 HPs)
             Began as a Barachi Berserker on June 23, 2018.
             Was a High Priest of Trog.
             Slain by a phantasmal warrior (22 damage)
             ... in the Dungeon (Sprint VI: "Thunderdome").
             The game lasted 00:10:50 (1040 turns).

Psiloshibe the Fencer (Barachi Berserker)           Turns: 1040, Time: 00:10:50

Health: 0/93       AC:  5    Str: 23    XL:     10   Next: 77%
Magic:  10/10      EV: 18    Int: 12    God:    Trog [*****.]
Gold:   528        SH:  0    Dex: 13    Spells: 9/9 levels left

rFire    . . .     SeeInvis .   a - +0 falchion
rCold    + . .     Gourm    .   (no shield)
rNeg     . . .     Faith    .   r - +0 troll leather armour {Purgy}
rPois    .         Spirit   .   (no helmet)
rElec    .         Reflect  .   (no cloak)
rCorr    +         Harm     .   (no gloves)
MR       +....     NoTele   +   (no boots)
Stlth    ++........             o - amulet of Miracles {Regen+ Int+3}
HPRegen  2.05/turn              p - ring "Gos Toj" {rCorr rC+}
MPRegen  0.12/turn              n - ring of Guxaxih {Str+2 Slay+4}

@: vulnerable, berserk cooldown, regenerating, slowed, very slow
A: +LOS, swims, blurry vision 1, clever 1, low mp 1, screaming 1, slowness 1,
subdued magic 1, strong legs 1
}: 1/15 runes: serpentine
a: Hop, Berserk, Trog's Hand, Brothers in Arms, Burn Spellbooks, Renounce
Religion


You were in the Dungeon.
You worshipped Trog.
Trog was extremely pleased with you.
You were not hungry.

You visited 1 branch You collected 1150 gold pieces.
You spent 622 gold pieces at shops.

Inventory:

Hand Weapons
 a - a +0 falchion (weapon)
Missiles
 b - 3 poisoned javelins (quivered)
 q - 2 tomahawks of returning
Armour
 r - a +0 troll leather armour (worn) {Purgy}
Jewellery
 n - the ring of Guxaxih (right hand) {Str+2 Slay+4}
   (You bought it in a shop in the Dungeon)

   [ring of slaying]

   It affects your strength (+2).
   It affects your accuracy and damage with ranged weapons and melee attacks
   (+4).
 o - the amulet of Miracles (around neck) {Regen+ Int+3}
   (You bought it in a shop in the Dungeon)

   [amulet of regeneration]

   It affects your intelligence (+3).
   It increases your rate of regeneration.
 p - the ring "Gos Toj" (left hand) {rCorr rC+}
   (You bought it in a shop in the Dungeon)

   [ring of resist corrosion]

   It protects you from cold.
Wands
 k - a wand of acid (5)
 l - a wand of iceblast (5)
Scrolls
 i - 4 scrolls of blinking
 m - 3 scrolls of fog
Potions
 d - a potion of curing
 e - 4 potions of heal wounds
 f - 4 potions of haste
 g - 2 potions of magic
 h - a potion of berserk rage
 j - a potion of resistance
Comestibles
 c - a ration


   Skills:
 + Level 13.9 Fighting
 + Level 15.6 Long Blades
 * Level 11.1 Throwing
 + Level 7.9 Armour
 + Level 10.2 Dodging
 + Level 2.8 Stealth
   Level 2.1 Shields
 + Level 2.8 Unarmed Combat
 + Level 2.5 Evocations


You had 9 spell levels left.
You didn't know any spells.

Dungeon Overview and Level Annotations

Branches:
Dungeon (1/1)

Altars:
Cheibriados
Dithmenos
Fedhas
Gozag
Kikubaaqudgha
Makhleb
Okawaru
Qazlal
Ru
Sif Muna
Trog
Uskayaw
Vehumet
Wu Jian
Xom
Yredelemnul
Zin
The Shining One
Beogh
Jiyva
Lugonu

Shops:
D *[%??*?*:[((!!!!


Innate Abilities, Weirdness & Mutations

Shadows flee at your approach. (+LOS)
You can swim through water.
You cover ground slowly.
You can hop short distances.
Scrolls take you a little longer to read.
Your mind is acute. (Int +2)
Your magical capacity is low. (-10% MP)
You occasionally shout uncontrollably at your foes.
Your spells are a little easier to cast, but a little less powerful.


Message History

You riposte.
You barely miss the phantasmal warrior. You barely miss the phantasmal warrior.
The phantasmal warrior misses you.
You hit the phantasmal warrior.
The phantasmal warrior is lightly damaged.
The phantasmal warrior completely misses you.
You riposte.
You hit the phantasmal warrior but do no damage.
The phantasmal warrior is lightly damaged.
Your skin crawls.
You feel resistant to hostile enchantments.
You feel somewhat more hungry.
The phantasmal warrior closely misses you.
You closely miss the phantasmal warrior.
The phantasmal warrior is lightly damaged.
The phantasmal warrior hits you!!
* * * LOW HITPOINT WARNING * * *
You hit the phantasmal warrior but do no damage.
The phantasmal warrior is lightly damaged.
The phantasmal warrior hits you!!
You die...

#_........# ###.........###
#⌠...........⌠#
######.8.........8.######
##∩___......###.......__∩##
###∩........8.# #.8).......∩###
##..=.[........###..([.........##
#⌠..........###W..###(.........⌠#
#⌠..........# #.@.# #..........⌠#
#⌠..........###...###..........⌠#
##..[..........###.............##
###∩........8.# #.8........∩###
##∩___......###......___∩##
######[8..[......8.######
#⌠.....=.....⌠# ###.........###
#_........#


You could see a phantasmal warrior.

Vanquished Creatures
  A flayed ghost (D)
  A phantasmal warrior (D)
  4 wraiths (D)
  5 neqoxecs (D)
  Purgy (D)
  A necrophage (D)
  A phantom (D)
  6 killer bees (D)
  4 wights (D)
  A river rat (D)
  An adder skeleton (D)
  A quokka (D)
  A giant cockroach zombie (D)
  A jackal zombie (D)
  2 rats (D)
31 creatures vanquished.

Vanquished Creatures (collateral kills)
  An anaconda (D)
  An eidolon (D)
  A skeletal warrior (D)
  A neqoxec (D)
  A naga (D)
  A phantom (D)
  An adder zombie (D)
  A ball python skeleton (D)
8 creatures vanquished.

Grand Total: 39 creatures vanquished

Notes
Turn   | Place    | Note
-------+----------+-------------------------------------------
     0 | D        | Psiloshibe the Barachi Berserker began the quest for the Orb.
     0 | D        | Reached XP level 1. HP: 18/18 MP: 1/1
     3 | D        | Found a shimmering altar of Xom.
     3 | D        | Found a viscous altar of Jiyva.
     4 | D        | Found a basalt altar of Yredelemnul.
     4 | D        | Found a hide-covered altar of Uskayaw.
     4 | D        | Found a snail-covered altar of Cheibriados.
     5 | D        | Found a glowing silver altar of Zin.
     5 | D        | Found a roughly hewn altar of Beogh.
     5 | D        | Round 1.
     6 | D        | Found Xecik's Delicious Food.
     6 | D        | Found a stormy altar of Qazlal.
     6 | D        | Found Umnuac's Identification Station.
     6 | D        | Found an opulent altar of Gozag.
     7 | D        | Found Ymon's Jewellery.
     7 | D        | Found Irau's Advanced Armour.
     7 | D        | Found a glowing golden altar of the Shining One.
     7 | D        | Found a corrupted altar of Lugonu.
     7 | D        | Found a deep blue altar of Sif Muna.
     9 | D        | Noticed a phantom
    10 | D        | Noticed a wight
    15 | D        | Killed a wight
    15 | D        | Reached skill level 5 in Fighting
    15 | D        | Reached skill level 5 in Long Blades
    15 | D        | Reached XP level 2. HP: 20/28 MP: 2/2
    15 | D        | Reached XP level 3. HP: 24/34 MP: 3/3
    20 | D        | Bought a crude wooden ring for 45 gold pieces
    20 | D        | Bought a flickering brass amulet for 45 gold pieces
    20 | D        | Bought a crude silver ring for 45 gold pieces
    20 | D        | Identified the amulet of Miracles {Regen+ Int+3} (You bought it in a shop in the Dungeon)
    21 | D        | Identified the ring "Baleobi" {rF+ Str+8 Int+4 Slay-6} (You bought it in a shop in the Dungeon)
    23 | D        | Identified the ring "Gos Toj" {rCorr rC+} (You bought it in a shop in the Dungeon)
    27 | D        | Noticed a necrophage
    27 | D        | Bought a scorched golden ring for 45 gold pieces
    27 | D        | Identified the ring of Guxaxih {Str+2 Slay+4} (You bought it in a shop in the Dungeon)
    30 | D        | Reached skill level 6 in Long Blades
    35 | D        | Killed a necrophage
    35 | D        | Reached ** piety under Trog
    35 | D        | Reached skill level 7 in Long Blades
    35 | D        | Reached XP level 4. HP: 15/43 MP: 4/4
    35 | D        | Reached XP level 5. HP: 17/48 MP: 5/5
    68 | D        | Found a radiant altar of Vehumet.
    73 | D        | Found Suvoebl Ogeo's Magic Scroll Shop.
    74 | D        | Found Ezeh's Magic Scroll Shop.
    74 | D        | Found Qujip's Must-Have Magic.
    75 | D        | Found Toth's Staff Store.
    88 | D        | Found an ornate altar of the Wu Jian Council.
    89 | D        | Found an ancient bone altar of Kikubaaqudgha.
    90 | D        | Found Fant's Distillery.
    90 | D        | Found Mackus's Distillery.
    90 | D        | Found Xomugy's Bottled Wisdom.
    91 | D        | Found a burning altar of Makhleb.
    91 | D        | Found a sacrificial altar of Ru.
    91 | D        | Found an iron altar of Okawaru.
    91 | D        | Found Geituj Utyal's Do-It-Yourself Clinic.
    97 | D        | Found a bloodstained altar of Trog.
    98 | D        | Found a blossoming altar of Fedhas.
    99 | D        | Found Azemanod's Weapon Rack.
   100 | D        | Found a shadowy altar of Dithmenos.
   100 | D        | Found Nocwitoy's Premium Goods.
   100 | D        | Found Ynym's Basic Armour.
   100 | D        | Found Ecviolen's Miscellaneous Merchandise.
   119 | D        | Killed a phantom
   119 | D        | Arena points: 14 (+14) [x2]
   119 | D        | Reached skill level 9 in Long Blades
   119 | D        | Reached skill level 5 in Throwing
   147 | D        | Round 2.
   151 | D        | Noticed Purgy
   158 | D        | Killed Purgy
   158 | D        | Reached XP level 6. HP: 58/58 MP: 6/6
   180 | D        | Reached *** piety under Trog
   300 | D        | Arena points: 50 (+36) [x3]
   300 | D        | Reached skill level 10 in Long Blades
   322 | D        | Round 3.
   322 | D        | Noticed a neqoxec
   326 | D        | Gained mutation: Your spells are a little easier to cast, but a little less powerful. [a neqoxec]
   332 | D        | Killed a neqoxec
   332 | D        | Reached **** piety under Trog
   332 | D        | Reached skill level 10 in Fighting
   332 | D        | Reached skill level 5 in Dodging
   332 | D        | Reached XP level 7. HP: 66/66 MP: 7/7
   355 | D        | Noticed a neqoxec
   355 | D        | Noticed a neqoxec
   361 | D        | Gained mutation: Your mind is acute. (Int +2) [a neqoxec]
   362 | D        | Killed a neqoxec
   362 | D        | Reached skill level 11 in Long Blades
   362 | D        | Reached skill level 5 in Armour
   362 | D        | Gained mutation: Scrolls take you a little longer to read. [a neqoxec]
   365 | D        | Killed a neqoxec
   372 | D        | Noticed a neqoxec
   373 | D        | Gained mutation: Your magical capacity is low. (-10% MP) [a neqoxec]
   378 | D        | Killed a neqoxec
   401 | D        | Noticed a neqoxec
   429 | D        | Killed a neqoxec
   429 | D        | Reached skill level 12 in Long Blades
   439 | D        | Noticed a neqoxec
   447 | D        | Gained mutation: You occasionally shout uncontrollably at your foes. [a neqoxec]
   452 | D        | Killed a neqoxec
   452 | D        | Arena points: 134 (+84) [x4]
   452 | D        | Reached XP level 8. HP: 75/75 MP: 7/7
   486 | D        | Round 4.
   550 | D        | Reached ***** piety under Trog
   573 | D        | Arena points: 274 (+140) [x5]
   616 | D        | Bought 2 rations for 40 gold pieces
   620 | D        | Round 5.
   623 | D        | Bought a twisted large shield for 332 gold pieces
   628 | D        | Identified the +4 large shield "Gainwial" {*Corrode rN+ Str+4} (You bought it in a shop in the Dungeon)
   631 | D        | Noticed a giant anaconda
   640 | D        | Reached skill level 13 in Long Blades
   648 | D        | Killed a giant anaconda
   648 | D        | Arena points: 519 (+245) [x7]
   648 | D        | Reached skill level 1 in Stealth
   648 | D        | Reached XP level 9. HP: 39/83 MP: 8/8
   649 | D        | Got a serpentine rune of Zot
   732 | D        | Reached XP level 10. HP: 90/90 MP: 8/10
   787 | D        | Bought a potion of heal wounds for 35 gold pieces
   787 | D        | Bought a potion of heal wounds for 35 gold pieces
   819 | D        | Round 6.
   849 | D        | Received a gift from Trog
   872 | D        | Noticed a flayed ghost
   880 | D        | Reached skill level 14 in Long Blades
   883 | D        | Received a gift from Trog
   886 | D        | Killed a flayed ghost
   886 | D        | Reached skill level 10 in Throwing
   890 | D        | Noticed a skeletal warrior
   890 | D        | Received a gift from Trog
   896 | D        | Killed a skeletal warrior
   896 | D        | Arena points: 951 (+432) [x8]
   929 | D        | Round 7.
   949 | D        | Noticed an eidolon
   978 | D        | Killed an eidolon
   978 | D        | Reached skill level 15 in Long Blades
   991 | D        | Noticed a phantasmal warrior
  1011 | D        | Received a gift from Trog
  1012 | D        | Killed a phantasmal warrior
  1012 | D        | Reached skill level 10 in Dodging
  1030 | D        | Noticed a phantasmal warrior
  1040 | D        | Slain by a phantasmal warrior

Skill      XL: |  1  2  3  4  5  6  7  8  9 10 |
---------------+-------------------------------+-----
Fighting       | 5 7 9 10 11 12 13 | 13.9
Long Blades    | 5 7 9 10 12 13 15 | 15.6
Throwing       | 2 4 5 6 7 8 9 11 | 11.1
Armour         | 3 4 5 6 7 |  7.9
Dodging        | 3 4 5 6 7 8 10 | 10.2
Stealth        | 1 2 |  2.8
Shields        | 2 |  2.1
Unarmed Combat | 2 |  2.8
Evocations     | 2 |  2.5

Action                   |  1- 3 |  4- 6 |  7- 9 | 10-12 || total
-------------------------+-------+-------+-------+-------++-------
Melee: Falchion          |    10 |    38 |    70 |    82 ||   200
       Punch             |       |       |       |     2 ||     2
Invok: Berserk           |     1 |     2 |     1 |     2 ||     6
       Trog's Hand       |       |     4 |     1 |     4 ||     9
       Brothers in Arms  |       |       |     3 |     2 ||     5
 Abil: Hop               |       |       |     1 |       ||     1
  Use: Potion            |       |       |     3 |       ||     3
  Eat: Chunk             |       |     1 |     4 |       ||     5
       Ration            |       |       |     1 |     1 ||     2
Armor: Animal skin       |     3 |     3 |       |       ||     6
       Troll leather arm |       |     2 |    14 |     7 ||    23
Dodge: Dodged            |     8 |    23 |    52 |    49 ||   132
Block: Large shield      |       |       |    17 |       ||    17
       Rpst.: Falchion   |     3 |     6 |    20 |    12 ||    41
